Lightning vs Kings

Created - March 2, 2015 at 18:03

Goals
1 2 3 OT1 SO T
Lightning 2 1 1 0 1 5
Kings 0 1 3 0 0 4
Shots
1 2 3 OT1 SO T
Lightning 13 7 4 1 3 25
Kings 10 6 17 0 3 33

1st period

1. Lightning , Andrej Sekera 24 (Eric Fehr, Brent Seabrook) at 10:16
2. Lightning , Travis Zajac 24 (Erik Gudbranson) at 15:36 (PP)

Penalties :
Maxime Talbot (TBL) for Holding Stick (Minor) at 1:49, Robyn Regehr (LOS) for Hooking (Minor) at 15:24

2nd period

3. Kings , Tyler Myers 12 (Mikael Granlund, James van Riemsdyk) at 11:10 (PP)
4. Lightning , Erik Gudbranson 11 (Curtis Glencross, Andrej Meszaros) at 15:54 (PP)

Penalties :
Curtis Glencross (TBL) for Tripping (Minor) at 0:37, Curtis Glencross (TBL) for Holding (Minor) at 3:49, Maxime Talbot (TBL) for Tripping (Minor) at 10:10, Connor Murphy (LOS) for Slashing (Minor) at 13:59

3rd period

5. Kings , Connor Murphy 9 (Mikael Granlund) at 2:03
6. Kings , Ryan Nugent-Hopkins 30 (Mikael Granlund, Tyler Myers) at 3:36 (PP)
7. Lightning , Troy Brouwer 15 (Andrej Sekera, Brent Seabrook) at 4:31
8. Kings , James van Riemsdyk 25 (Chris Kunitz, Joe Thornton) at 18:16 (PP)

Penalties :
Brent Seabrook (TBL) for High sticking (Minor) at 2:17, Connor Murphy (LOS) for Roughing (Minor) at 12:47, Jason Chimera (TBL) for Tripping (Minor) at 15:09, Erik Gudbranson (TBL) for Hooking (Minor) at 17:40, Henrik Sedin (TBL) for Hooking (Minor) at 18:25

Overtime #1

No Goal

Penalties :
No Penalty

Shootout

Penalty Shot by Henrik Sedin for Lightning - Goal!
Penalty Shot by James van Riemsdyk for Kings - Shot Misses the Net
Penalty Shot by Cam Atkinson for Lightning - Stopped by Steve Mason
Penalty Shot by Mikael Granlund for Kings - Stopped by Jaroslav Halak
Penalty Shot by Travis Zajac for Lightning - Stopped by Steve Mason
Penalty Shot by Colton Sceviour for Kings - Stopped by Jaroslav Halak

Penalties :
No Penalty

Goalie Stats

Jaroslav Halak (TBL), 29 saves from 33 shots - (0.879), W, 26-20-0, 65:00 minutes
Steve Mason (LOS), 21 saves from 25 shots - (0.840), OTL, 29-18-4, 65:00 minutes

Players Stats for Lightning

Player Name              G  A  P  +/- PIM S  H  SB GA TA FO     MP     PP MP  PK MP  
------------------------------------------------------------------------------------
Andre Benoit             0  0  0   0  0   0  0  1  0  0  0/0    23:04   0:00   5:49 
Andrej Meszaros          0  1  1  -1  0   1  1  0  0  0  0/0    13:44   1:50   0:43 
Andrej Sekera            1  1  2   2  0   3  0  3  0  0  0/0    28:29   2:16   7:01 
Brent Seabrook           0  2  2   2  2   1  3  2  0  0  0/0    27:37   2:16   6:10 
Cam Atkinson             0  0  0  -1  0   0  0  0  0  0  0/1    11:13   0:00   1:38 
Curtis Glencross         0  1  1   0  4   1  4  0  0  0  0/1    21:29   2:49   0:42 
Eric Fehr                0  1  1   1  0   0  0  0  0  0  0/0     4:01   0:00   0:00 
Erik Gudbranson          1  1  2   0  2   1  2  0  0  0  0/0    17:14   1:50   0:00 
Henrik Sedin             0  0  0   0  2   2  0  0  0  0  16/26  21:19   2:18   0:00 
Jason Chimera            0  0  0   1  2   0  1  0  0  0  0/0     4:00   0:00   0:00 
Luca Sbisa               0  0  0   0  0   0  0  0  0  0  0/0     4:10   0:00   0:00 
Maxime Talbot            0  0  0  -1  4   2  3  0  0  0  6/11   18:32   0:00   6:18 
Nick Spaling             0  0  0   2  0   2  1  0  0  0  3/10   21:10   1:03   3:47 
Patrick Kane             0  0  0   0  0   1  1  0  0  0  2/6    22:33   2:18   0:00 
Scott Hannan             0  0  0  -1  0   0  0  2  0  0  0/0    15:40   0:00   5:57 
Teddy Purcell            0  0  0  -1  0   2  0  0  0  0  0/0    10:01   0:00   0:00 
Travis Zajac             1  0  1   1  0   3  0  1  0  0  17/29  23:24   2:02   9:03 
Troy Brouwer             1  0  1   1  0   6  7  0  0  0  1/3    19:22   1:48   3:47 

Players Stats for Kings

Player Name              G  A  P  +/- PIM S  H  SB GA TA FO     MP     PP MP  PK MP  
------------------------------------------------------------------------------------
Alexander Edler          0  0  0   0  0   0  5  3  0  0  0/0    25:26   8:20   3:04 
Brian Gionta             0  0  0   0  0   2  0  0  0  0  0/0    15:50   0:00   1:11 
Chris Kunitz             0  1  1  -2  0   3  4  0  0  0  1/2    22:23   7:26   0:00 
Colton Sceviour          0  0  0   0  0   0  1  0  0  0  1/1    16:35   3:50   0:00 
Connor Murphy            1  0  1   0  4   1  1  2  0  0  0/0    14:42   3:07   0:00 
Dennis Seidenberg        0  0  0  -1  0   3  3  4  0  0  0/0    23:11   0:00   3:15 
Dustin Penner            0  0  0   1  0   1  4  0  0  0  0/0     9:02   0:00   0:00 
J.T. Brown               0  0  0   1  0   3  0  0  0  0  1/2     9:02   0:00   0:00 
James van Riemsdyk       1  1  2  -2  0   2  0  0  0  0  2/3    27:27   8:35   2:55 
Joe Thornton             0  1  1  -2  0   0  0  0  0  0  11/29  24:17   7:26   0:00 
Kris Letang              0  0  0  -1  0   4  0  1  0  0  0/0    25:56   8:29   0:18 
Luke Adam                0  0  0   0  0   0  1  0  0  0  0/0     8:09   0:00   0:00 
Mikael Granlund          0  3  3   1  0   1  0  0  0  0  9/18   15:43   4:59   0:00 
Nate Thompson            0  0  0   0  0   0  0  0  0  0  7/12    9:06   0:00   0:57 
Robyn Regehr             0  0  0   0  2   1  1  2  0  0  0/0    16:46   0:00   1:13 
Ryan Nugent-Hopkins      1  0  1   0  0   7  1  1  0  0  10/20  20:11   4:59   3:09 
Ryan Smyth               0  0  0   0  0   1  0  0  0  0  0/0     8:09   0:00   0:00 
Tyler Myers              1  1  2   0  0   4  0  3  0  0  0/0    23:56   4:54   0:22 

3 Stars

1 - Andrej Sekera (TBL)
2 - Troy Brouwer (TBL)
3 - Mikael Granlund (LOS)

Power Play

Lightning - 2 on 3 Attempt(s) - 66.67%
Kings - 3 on 8 Attempt(s) - 37.50%

Penalty Kill

Lightning - 5 on 8 Attempt(s) - 62.50% - Score 0 goal in Penalty Kill
Kings - 1 on 3 Attempt(s) - 33.33% - Score 0 goal in Penalty Kill

Team Stat

Lightning - Hits : 23 - Faceoff Wins : 45 - Blocked Shots : 9 - Penalty Minutes : 16
Kings - Hits : 21 - Faceoff Wins : 42 - Blocked Shots : 16 - Penalty Minutes : 6

Official

Referees : Tim Peel and Brad Meier
Linesman : Don Henderson and David Brisebois

Game Notes

No Game Note

Finance

Level 1 -- Attendance: 6500 (100.00%) -- Ticket Income $474,500
Level 2 -- Attendance: 5000 (100.00%) -- Ticket Income $300,000
Level 3 -- Attendance: 3499 (99.97%) -- Ticket Income $139,960
Level 4 -- Attendance: 2118 (100.00%) -- Ticket Income $78,366
Luxury Box -- Attendance: 1000 (100.00%) -- Ticket Income $190,000
Game was played at the Staples Center'
Total Attendance: 18117 (99.99%)
Total Ticket Income: $1,182,826
Other Income: $177,424
Total Income: $1,360,250

% Time on Ice - Lightning

Lines # - Real PCT - Wanted PCT - Time Play
Normal Forward
1 - 40% - 40% - 17:34
2 - 28% - 30% - 12:19
3 - 22% - 20% - 9:35
4 - 9% - 10% - 4:01
Normal Defense
1 - 38% - 40% - 16:31
2 - 32% - 30% - 13:51
3 - 22% - 20% - 9:43
4 - 8% - 10% - 3:24
PP Forward
1 - 56% - 60% - 2:18
2 - 44% - 40% - 1:48
PP Defense
1 - 55% - 60% - 2:16
2 - 45% - 40% - 1:50
PK Forward
1 - 70% - 60% - 8:38
2 - 30% - 40% - 3:47
PK Defense
1 - 56% - 60% - 6:56
2 - 44% - 40% - 5:29
PK3 Forward
1 - 100% - 60% - 0:25
2 - 0% - 40% - 0:00
PK3 Defense
1 - 20% - 60% - 0:05
2 - 80% - 40% - 0:20
44 Forward
1 - 68% - 60% - 3:07
2 - 32% - 40% - 1:28
44 Defense
1 - 59% - 60% - 2:41
2 - 41% - 40% - 1:54
Last Minute Offensive  - 0:00
Last Minute Defensive  - 0:00
Total
Forward - 65:00
Defense - 65:00

% Time on Ice - Kings

Lines # - Real PCT - Wanted PCT - Time Play
Normal Forward
1 - 33% - 40% - 14:15
2 - 28% - 30% - 12:03
3 - 21% - 20% - 9:02
4 - 19% - 10% - 8:09
Normal Defense
1 - 33% - 40% - 14:34
2 - 33% - 30% - 14:26
3 - 27% - 20% - 11:37
4 - 7% - 10% - 2:52
PP Forward
1 - 60% - 60% - 7:26
2 - 40% - 40% - 4:59
PP Defense
1 - 58% - 60% - 7:09
2 - 42% - 40% - 5:16
PK Forward
1 - 77% - 60% - 3:09
2 - 23% - 40% - 0:57
PK Defense
1 - 91% - 60% - 3:44
2 - 9% - 40% - 0:22
PK3 Forward
1 - 0% - 60%
2 - 0% - 40%
PK3 Defense
1 - 0% - 60%
2 - 0% - 40%
44 Forward
1 - 66% - 60% - 3:18
2 - 34% - 40% - 1:42
44 Defense
1 - 54% - 60% - 2:42
2 - 46% - 40% - 2:18
Last Minute Offensive  - 0:00
Last Minute Defensive  - 0:00
Total
Forward - 65:00
Defense - 65:00

Play by Play

1st period


0:01 of 1st period - Henrik Sedin wins face-off versus Joe Thornton in neutral zone.
1:10 of 1st period - Shot by Ryan Nugent-Hopkins.
1:10 of 1st period - Stopped by Jaroslav Halak without a rebound.
1:11 of 1st period - Travis Zajac wins face-off versus Mikael Granlund in Lightning zone.
1:11 of 1st period - Travis Zajac is hit by Dustin Penner.
1:21 of 1st period - Shot by Troy Brouwer.
1:21 of 1st period - Stopped by Steve Mason without a rebound.
1:22 of 1st period - Maxime Talbot wins face-off versus Nate Thompson in Kings zone.
1:49 of 1st period - Minor Penalty to Maxime Talbot for Holding Stick.
1:50 of 1st period - Joe Thornton wins face-off versus Travis Zajac in Lightning zone.
2:19 of 1st period - Shot by James van Riemsdyk.
2:19 of 1st period - Stopped by Jaroslav Halak without a rebound.
2:20 of 1st period - Nick Spaling wins face-off versus Mikael Granlund in Lightning zone.
2:33 of 1st period - Shot by James van Riemsdyk.
2:33 of 1st period - Shot Misses the Net.
2:53 of 1st period - Shot by Kris Letang.
2:53 of 1st period - Shot Misses the Net.
2:55 of 1st period - Shot by Ryan Nugent-Hopkins.
2:55 of 1st period - Shot Hit the Post.
2:57 of 1st period - Shot by Tyler Myers.
2:57 of 1st period - Shot Misses the Net.
3:12 of 1st period - Icing by Connor Murphy.
3:13 of 1st period - Travis Zajac wins face-off versus Joe Thornton in Kings zone.
3:36 of 1st period - Shot by Travis Zajac.
3:36 of 1st period - Stopped by Steve Mason without a rebound.
3:37 of 1st period - Mikael Granlund wins face-off versus Nick Spaling in Kings zone.
3:39 of 1st period - Icing by Ryan Nugent-Hopkins.
3:40 of 1st period - Mikael Granlund wins face-off versus Travis Zajac in Kings zone.
3:57 of 1st period - Shot by Henrik Sedin.
3:57 of 1st period - Shot Misses the Net.
3:59 of 1st period - Shot by Curtis Glencross.
3:59 of 1st period - Shot Misses the Net.
4:33 of 1st period - Shot by Patrick Kane.
4:33 of 1st period - Stopped by Steve Mason without a rebound.
4:34 of 1st period - Ryan Nugent-Hopkins wins face-off versus Travis Zajac in Kings zone.
4:34 of 1st period - Ryan Nugent-Hopkins is hit by Troy Brouwer.
5:23 of 1st period - Alexander Edler is hit by Troy Brouwer and loses puck.
5:49 of 1st period - Cam Atkinson is hit by Dennis Seidenberg and loses puck.
6:41 of 1st period - Shot by J.T. Brown.
6:41 of 1st period - Shot Blocked by Scott Hannan.
6:43 of 1st period - Shot by Tyler Myers.
6:43 of 1st period - Shot Misses the Net.
6:54 of 1st period - Off-side.
6:55 of 1st period - Henrik Sedin wins face-off versus Nate Thompson in neutral zone.
6:55 of 1st period - Henrik Sedin is hit by Luke Adam.
8:04 of 1st period - Shot by Dustin Penner.
8:04 of 1st period - Stopped by Jaroslav Halak without a rebound.
8:05 of 1st period - Joe Thornton wins face-off versus Travis Zajac in Lightning zone.
8:16 of 1st period - Alexander Edler is hit by Troy Brouwer and loses puck.
8:51 of 1st period - Shot by Troy Brouwer.
8:51 of 1st period - Stopped by Steve Mason without a rebound.
8:52 of 1st period - Ryan Nugent-Hopkins wins face-off versus Maxime Talbot in Kings zone.
8:52 of 1st period - Ryan Nugent-Hopkins is hit by Maxime Talbot.
9:06 of 1st period - Shot by Dennis Seidenberg.
9:06 of 1st period - Stopped by Jaroslav Halak without a rebound.
9:07 of 1st period - Mikael Granlund wins face-off versus Henrik Sedin in Lightning zone.
9:28 of 1st period - Shot by Patrick Kane.
9:28 of 1st period - Deflect By Curtis Glencross.
9:28 of 1st period - Shot Blocked by Robyn Regehr.
9:44 of 1st period - Shot by Mikael Granlund.
9:44 of 1st period - Shot Misses the Net.
9:46 of 1st period - Shot by Tyler Myers.
9:46 of 1st period - Shot Misses the Net.
10:14 of 1st period - Shot by Eric Fehr.
10:14 of 1st period - Shot Misses the Net.
10:16 of 1st period - Shot by Andrej Sekera.
10:16 of 1st period - Goal by Andrej Sekera - Lightning : 1 - Kings : 0.
10:17 of 1st period - Maxime Talbot wins face-off versus Ryan Nugent-Hopkins in neutral zone.
10:51 of 1st period - Shot by Brian Gionta.
10:51 of 1st period - Shot Misses the Net.
11:41 of 1st period - Shot by James van Riemsdyk.
11:41 of 1st period - Shot Misses the Net.
11:43 of 1st period - Shot by Kris Letang.
11:43 of 1st period - Stopped by Jaroslav Halak without a rebound.
11:44 of 1st period - Mikael Granlund wins face-off versus Troy Brouwer in Lightning zone.
12:08 of 1st period - Shot by Erik Gudbranson.
12:08 of 1st period - Shot Blocked by Tyler Myers.
12:10 of 1st period - Shot by Nick Spaling.
12:10 of 1st period - Stopped by Steve Mason without a rebound.
12:11 of 1st period - Ryan Nugent-Hopkins wins face-off versus Henrik Sedin in Kings zone.
12:11 of 1st period - Ryan Nugent-Hopkins is hit by Curtis Glencross.
12:17 of 1st period - Andrej Sekera is hit by Ryan Nugent-Hopkins and loses puck.
12:24 of 1st period - Andrej Sekera is hit by Dennis Seidenberg and loses puck.
13:16 of 1st period - Icing by Erik Gudbranson.
13:17 of 1st period - Travis Zajac wins face-off versus James van Riemsdyk in Lightning zone.
13:40 of 1st period - Shot by Troy Brouwer.
13:40 of 1st period - Shot Misses the Net.
13:42 of 1st period - Shot by Andre Benoit.
13:42 of 1st period - Shot Misses the Net.
13:50 of 1st period - Chris Kunitz is hit by Troy Brouwer and loses puck.
13:55 of 1st period - Shot by Troy Brouwer.
13:55 of 1st period - Stopped by Steve Mason without a rebound.
13:56 of 1st period - Mikael Granlund wins face-off versus Cam Atkinson in Kings zone.
14:07 of 1st period - Shot by Scott Hannan.
14:07 of 1st period - Shot Misses the Net.
14:09 of 1st period - Shot by Teddy Purcell.
14:09 of 1st period - Shot Blocked by Connor Murphy.
14:11 of 1st period - Shot by Cam Atkinson.
14:11 of 1st period - Shot Misses the Net.
14:14 of 1st period - Maxime Talbot is hit by Alexander Edler and loses puck.
14:17 of 1st period - Shot by Maxime Talbot.
14:17 of 1st period - Stopped by Steve Mason without a rebound.
14:18 of 1st period - Nate Thompson wins face-off versus Henrik Sedin in Kings zone.
14:18 of 1st period - Nate Thompson is hit by Patrick Kane.
15:04 of 1st period - Off-side.
15:05 of 1st period - Joe Thornton wins face-off versus Nick Spaling in neutral zone.
15:08 of 1st period - Eric Fehr is hit by Chris Kunitz and loses puck.
15:14 of 1st period - Andre Benoit is hit by Robyn Regehr and loses puck.
15:24 of 1st period - Minor Penalty to Robyn Regehr for Hooking.
15:25 of 1st period - James van Riemsdyk wins face-off versus Travis Zajac in Kings zone.
15:25 of 1st period - Ryan Nugent-Hopkins is hit by Troy Brouwer and loses puck.
15:32 of 1st period - Shot by Travis Zajac.
15:32 of 1st period - Shot Blocked by Tyler Myers.
15:34 of 1st period - Shot by Travis Zajac.
15:34 of 1st period - Shot Misses the Net.
15:36 of 1st period - Shot by Travis Zajac.
15:36 of 1st period - Goal by Travis Zajac - Lightning : 2 - Kings : 0.
15:37 of 1st period - Mikael Granlund wins face-off versus Maxime Talbot in neutral zone.
15:56 of 1st period - Shot by Maxime Talbot.
15:56 of 1st period - Shot Blocked by Alexander Edler.
15:58 of 1st period - Shot by Cam Atkinson.
15:58 of 1st period - Shot Misses the Net.
16:02 of 1st period - Shot by Teddy Purcell.
16:02 of 1st period - Shot Misses the Net.
16:23 of 1st period - Icing by Mikael Granlund.
16:24 of 1st period - Travis Zajac wins face-off versus J.T. Brown in Kings zone.
17:01 of 1st period - Shot by Troy Brouwer.
17:01 of 1st period - Shot Misses the Net.
17:03 of 1st period - Shot by Erik Gudbranson.
17:03 of 1st period - Shot Misses the Net.
17:40 of 1st period - Shot by Patrick Kane.
17:40 of 1st period - Shot Misses the Net.
17:42 of 1st period - Shot by Henrik Sedin.
17:42 of 1st period - Stopped by Steve Mason with a rebound.
17:44 of 1st period - Shot by Henrik Sedin.
17:44 of 1st period - Shot Misses the Net.
17:46 of 1st period - Shot by Curtis Glencross.
17:46 of 1st period - Shot Misses the Net.
17:48 of 1st period - Shot by Scott Hannan.
17:48 of 1st period - Deflect By Curtis Glencross.
17:48 of 1st period - Shot Misses the Net.
17:50 of 1st period - Shot by Curtis Glencross.
17:50 of 1st period - Stopped by Steve Mason without a rebound.
17:51 of 1st period - Joe Thornton wins face-off versus Maxime Talbot in Kings zone.
17:51 of 1st period - Joe Thornton is hit by Maxime Talbot.
18:11 of 1st period - Shot by Teddy Purcell.
18:11 of 1st period - Stopped by Steve Mason without a rebound.
18:12 of 1st period - Nick Spaling wins face-off versus Ryan Nugent-Hopkins in Kings zone.
18:15 of 1st period - Shot by Jason Chimera.
18:15 of 1st period - Shot Misses the Net.
18:36 of 1st period - Shot by Tyler Myers.
18:36 of 1st period - Stopped by Jaroslav Halak without a rebound.
18:37 of 1st period - Henrik Sedin wins face-off versus Joe Thornton in Lightning zone.
18:46 of 1st period - Shot by Chris Kunitz.
18:46 of 1st period - Stopped by Jaroslav Halak without a rebound.
18:47 of 1st period - Henrik Sedin wins face-off versus Joe Thornton in Lightning zone.
18:51 of 1st period - Off-side.
18:52 of 1st period - Travis Zajac wins face-off versus Joe Thornton in neutral zone.
19:16 of 1st period - Shot by Joe Thornton.
19:16 of 1st period - Deflect By Chris Kunitz.
19:16 of 1st period - Stopped by Jaroslav Halak without a rebound.
19:17 of 1st period - Ryan Nugent-Hopkins wins face-off versus Curtis Glencross in Lightning zone.
19:27 of 1st period - Shot by Brian Gionta.
19:27 of 1st period - Stopped by Jaroslav Halak with a rebound.
19:49 of 1st period - Shot by Brian Gionta.
19:49 of 1st period - Stopped by Jaroslav Halak without a rebound.
19:50 of 1st period - Travis Zajac wins face-off versus Joe Thornton in Lightning zone.
19:55 of 1st period - Shot by Andre Benoit.
19:55 of 1st period - Deflect By Travis Zajac.
19:55 of 1st period - Shot Misses the Net.
19:57 of 1st period - Shot by Travis Zajac.
19:57 of 1st period - Shot Blocked by Kris Letang.
19:59 of 1st period - Shot by Travis Zajac.
19:59 of 1st period - Stopped by Steve Mason without a rebound.
Goals for this period are 2 for Lightning vs 0 for Kings.
Shots for this period are 13 for Lightning vs 10 for Kings.

2nd period


0:01 of 2nd period - Joe Thornton wins face-off versus Travis Zajac in neutral zone.
0:13 of 2nd period - Shot by James van Riemsdyk.
0:13 of 2nd period - Shot Misses the Net.
0:15 of 2nd period - Shot by Joe Thornton.
0:15 of 2nd period - Shot Misses the Net.
0:17 of 2nd period - Shot by Joe Thornton.
0:17 of 2nd period - Shot Blocked by Brent Seabrook.
0:19 of 2nd period - Shot by Kris Letang.
0:19 of 2nd period - Stopped by Jaroslav Halak without a rebound.
0:20 of 2nd period - Ryan Nugent-Hopkins wins face-off versus Henrik Sedin in Lightning zone.
0:20 of 2nd period - Ryan Nugent-Hopkins is hit by Erik Gudbranson.
0:34 of 2nd period - Robyn Regehr is hit by Curtis Glencross.
0:37 of 2nd period - Minor Penalty to Curtis Glencross for Tripping.
0:38 of 2nd period - Travis Zajac wins face-off versus Joe Thornton in Lightning zone.
0:38 of 2nd period - Travis Zajac is hit by Chris Kunitz.
1:04 of 2nd period - Shot by Chris Kunitz.
1:04 of 2nd period - Shot Blocked by Andre Benoit.
2:53 of 2nd period - Icing by Dennis Seidenberg.
2:54 of 2nd period - Nate Thompson wins face-off versus Nick Spaling in Kings zone.
3:07 of 2nd period - Shot by Kris Letang.
3:07 of 2nd period - Shot Blocked by Scott Hannan.
3:09 of 2nd period - Shot by Nate Thompson.
3:09 of 2nd period - Shot Misses the Net.
3:17 of 2nd period - Shot by Dennis Seidenberg.
3:17 of 2nd period - Stopped by Jaroslav Halak without a rebound.
3:18 of 2nd period - Henrik Sedin wins face-off versus Joe Thornton in Lightning zone.
3:23 of 2nd period - Patrick Kane is hit by Chris Kunitz and loses puck.
3:49 of 2nd period - Minor Penalty to Curtis Glencross for Holding.
3:50 of 2nd period - Maxime Talbot wins face-off versus Mikael Granlund in Lightning zone.
6:59 of 2nd period - Mikael Granlund is hit by Andrej Meszaros.
7:01 of 2nd period - Shot by J.T. Brown.
7:01 of 2nd period - Stopped by Jaroslav Halak without a rebound.
7:02 of 2nd period - Joe Thornton wins face-off versus Maxime Talbot in Lightning zone.
7:23 of 2nd period - Shot by Teddy Purcell.
7:23 of 2nd period - Deflect By Maxime Talbot.
7:23 of 2nd period - Stopped by Steve Mason with a rebound.
8:13 of 2nd period - Shot by Patrick Kane.
8:13 of 2nd period - Shot Blocked by Robyn Regehr.
8:15 of 2nd period - Shot by Henrik Sedin.
8:15 of 2nd period - Stopped by Steve Mason without a rebound.
8:16 of 2nd period - Troy Brouwer wins face-off versus Ryan Nugent-Hopkins in Kings zone.
8:35 of 2nd period - Icing by Andre Benoit.
8:36 of 2nd period - Travis Zajac wins face-off versus Mikael Granlund in Lightning zone.
9:22 of 2nd period - Off-side.
9:23 of 2nd period - Ryan Nugent-Hopkins wins face-off versus Henrik Sedin in neutral zone.
9:51 of 2nd period - Kris Letang is hit by Curtis Glencross and loses puck.
10:07 of 2nd period - Icing by Brian Gionta.
10:08 of 2nd period - Maxime Talbot wins face-off versus Ryan Nugent-Hopkins in Kings zone.
10:10 of 2nd period - Minor Penalty to Maxime Talbot for Tripping.
10:11 of 2nd period - Joe Thornton wins face-off versus Travis Zajac in Lightning zone.
10:38 of 2nd period - Shot by Kris Letang.
10:38 of 2nd period - Shot Misses the Net.
11:10 of 2nd period - Shot by Tyler Myers.
11:10 of 2nd period - Goal by Tyler Myers - Lightning : 2 - Kings : 1.
11:11 of 2nd period - Nate Thompson wins face-off versus Nick Spaling in neutral zone.
11:11 of 2nd period - Tyler Myers is hit by Nick Spaling and loses puck.
11:16 of 2nd period - Robyn Regehr is hit by Jason Chimera.
11:49 of 2nd period - Shot by Nick Spaling.
11:49 of 2nd period - Shot Misses the Net.
13:02 of 2nd period - Off-side.
13:03 of 2nd period - Henrik Sedin wins face-off versus Joe Thornton in neutral zone.
13:25 of 2nd period - Henrik Sedin is hit by Connor Murphy.
13:40 of 2nd period - Icing by Chris Kunitz.
13:41 of 2nd period - Travis Zajac wins face-off versus Joe Thornton in Kings zone.
13:41 of 2nd period - Andrej Meszaros is hit by Alexander Edler and loses puck.
13:57 of 2nd period - Troy Brouwer is hit by Alexander Edler and loses puck.
13:59 of 2nd period - Minor Penalty to Connor Murphy for Slashing.
14:00 of 2nd period - Henrik Sedin wins face-off versus Ryan Nugent-Hopkins in Kings zone.
14:38 of 2nd period - Patrick Kane is hit by Dennis Seidenberg and loses puck.
14:49 of 2nd period - Nick Spaling is hit by Alexander Edler and loses puck.
14:56 of 2nd period - Shot by Troy Brouwer.
14:56 of 2nd period - Shot Blocked by Dennis Seidenberg.
15:02 of 2nd period - Shot by Troy Brouwer.
15:02 of 2nd period - Shot Blocked by Dennis Seidenberg.
15:14 of 2nd period - Shot by Travis Zajac.
15:14 of 2nd period - Shot Misses the Net.
15:16 of 2nd period - Shot by Travis Zajac.
15:16 of 2nd period - Shot Misses the Net.
15:18 of 2nd period - Shot by Troy Brouwer.
15:18 of 2nd period - Stopped by Steve Mason without a rebound.
15:19 of 2nd period - Henrik Sedin wins face-off versus Nate Thompson in Kings zone.
15:20 of 2nd period - Shot by Brent Seabrook.
15:20 of 2nd period - Stopped by Steve Mason without a rebound.
15:21 of 2nd period - Nate Thompson wins face-off versus Nick Spaling in Kings zone.
15:36 of 2nd period - Shot by Troy Brouwer.
15:36 of 2nd period - Stopped by Steve Mason without a rebound.
15:37 of 2nd period - Nate Thompson wins face-off versus Henrik Sedin in Kings zone.
15:48 of 2nd period - Shot by Henrik Sedin.
15:48 of 2nd period - Shot Misses the Net.
15:50 of 2nd period - Shot by Andrej Meszaros.
15:50 of 2nd period - Shot Misses the Net.
15:52 of 2nd period - Shot by Curtis Glencross.
15:52 of 2nd period - Shot Blocked by Dennis Seidenberg.
15:54 of 2nd period - Shot by Erik Gudbranson.
15:54 of 2nd period - Goal by Erik Gudbranson - Lightning : 3 - Kings : 1.
15:55 of 2nd period - Travis Zajac wins face-off versus Mikael Granlund in neutral zone.
15:55 of 2nd period - Nick Spaling is hit by Dustin Penner and loses puck.
16:14 of 2nd period - Shot by Mikael Granlund.
16:14 of 2nd period - Shot Misses the Net.
16:28 of 2nd period - Shot by J.T. Brown.
16:28 of 2nd period - Stopped by Jaroslav Halak without a rebound.
16:29 of 2nd period - Henrik Sedin wins face-off versus Nate Thompson in Lightning zone.
17:25 of 2nd period - Off-side.
17:26 of 2nd period - Travis Zajac wins face-off versus Joe Thornton in neutral zone.
17:38 of 2nd period - Icing by Erik Gudbranson.
17:39 of 2nd period - Ryan Nugent-Hopkins wins face-off versus Travis Zajac in Lightning zone.
18:06 of 2nd period - Shot by Nick Spaling.
18:06 of 2nd period - Stopped by Steve Mason without a rebound.
18:07 of 2nd period - Henrik Sedin wins face-off versus Joe Thornton in Kings zone.
18:11 of 2nd period - Henrik Sedin is hit by Alexander Edler and loses puck.
19:12 of 2nd period - Shot by Brian Gionta.
19:12 of 2nd period - Shot Blocked by Travis Zajac.
19:14 of 2nd period - Shot by Ryan Nugent-Hopkins.
19:14 of 2nd period - Stopped by Jaroslav Halak with a rebound.
19:22 of 2nd period - Shot by Troy Brouwer.
19:22 of 2nd period - Shot Misses the Net.
Goals for this period are 1 for Lightning vs 1 for Kings.
Shots for this period are 7 for Lightning vs 6 for Kings.

3rd period


0:01 of 3rd period - Joe Thornton wins face-off versus Henrik Sedin in neutral zone.
0:03 of 3rd period - Kris Letang is hit by Brent Seabrook and loses puck.
1:22 of 3rd period - Andre Benoit is hit by Colton Sceviour and loses puck.
1:43 of 3rd period - Shot by Ryan Nugent-Hopkins.
1:43 of 3rd period - Stopped by Jaroslav Halak without a rebound.
1:44 of 3rd period - Maxime Talbot wins face-off versus Mikael Granlund in Lightning zone.
1:44 of 3rd period - Maxime Talbot is hit by Dustin Penner.
2:01 of 3rd period - Shot by Mikael Granlund.
2:01 of 3rd period - Shot Misses the Net.
2:03 of 3rd period - Shot by Connor Murphy.
2:03 of 3rd period - Goal by Connor Murphy - Lightning : 3 - Kings : 2.
2:04 of 3rd period - Nate Thompson wins face-off versus Patrick Kane in neutral zone.
2:16 of 3rd period - Nate Thompson is hit by Brent Seabrook and loses puck.
2:17 of 3rd period - Minor Penalty to Brent Seabrook for High sticking.
2:18 of 3rd period - Joe Thornton wins face-off versus Travis Zajac in Lightning zone.
2:58 of 3rd period - Shot by Kris Letang.
2:58 of 3rd period - Shot Misses the Net.
3:26 of 3rd period - Shot by Tyler Myers.
3:26 of 3rd period - Stopped by Jaroslav Halak without a rebound.
3:27 of 3rd period - Mikael Granlund wins face-off versus Troy Brouwer in Lightning zone.
3:34 of 3rd period - Shot by Ryan Nugent-Hopkins.
3:34 of 3rd period - Stopped by Jaroslav Halak with a rebound.
3:36 of 3rd period - Shot by Mikael Granlund.
3:36 of 3rd period - Deflect By Ryan Nugent-Hopkins.
3:36 of 3rd period - Goal by Ryan Nugent-Hopkins - Lightning : 3 - Kings : 3.
3:37 of 3rd period - Ryan Nugent-Hopkins wins face-off versus Patrick Kane in neutral zone.
3:42 of 3rd period - Shot by Dennis Seidenberg.
3:42 of 3rd period - Stopped by Jaroslav Halak without a rebound.
3:43 of 3rd period - Henrik Sedin wins face-off versus Ryan Nugent-Hopkins in Lightning zone.
3:50 of 3rd period - Shot by Henrik Sedin.
3:50 of 3rd period - Shot Misses the Net.
3:52 of 3rd period - Shot by Patrick Kane.
3:52 of 3rd period - Shot Hit the Post.
3:54 of 3rd period - Shot by Andre Benoit.
3:54 of 3rd period - Shot Misses the Net.
3:56 of 3rd period - Shot by Henrik Sedin.
3:56 of 3rd period - Shot Misses the Net.
4:14 of 3rd period - Shot by Ryan Nugent-Hopkins.
4:14 of 3rd period - Stopped by Jaroslav Halak without a rebound.
4:15 of 3rd period - Joe Thornton wins face-off versus Travis Zajac in Lightning zone.
4:15 of 3rd period - Joe Thornton is hit by Brent Seabrook.
4:29 of 3rd period - Shot by Andrej Sekera.
4:29 of 3rd period - Shot Blocked by Connor Murphy.
4:31 of 3rd period - Shot by Troy Brouwer.
4:31 of 3rd period - Goal by Troy Brouwer - Lightning : 4 - Kings : 3.
4:32 of 3rd period - Mikael Granlund wins face-off versus Maxime Talbot in neutral zone.
4:42 of 3rd period - Off-side.
4:43 of 3rd period - Henrik Sedin wins face-off versus Joe Thornton in neutral zone.
4:46 of 3rd period - James van Riemsdyk is hit by Curtis Glencross and loses puck.
5:07 of 3rd period - Shot by Curtis Glencross.
5:07 of 3rd period - Shot Blocked by Tyler Myers.
5:29 of 3rd period - Shot by Chris Kunitz.
5:29 of 3rd period - Shot Blocked by Andrej Sekera.
6:05 of 3rd period - Shot by Ryan Nugent-Hopkins.
6:05 of 3rd period - Stopped by Jaroslav Halak without a rebound.
6:06 of 3rd period - Maxime Talbot wins face-off versus Mikael Granlund in Lightning zone.
6:06 of 3rd period - Maxime Talbot is hit by Dustin Penner.
7:40 of 3rd period - Colton Sceviour is hit by Troy Brouwer.
8:16 of 3rd period - Tyler Myers is hit by Troy Brouwer.
8:21 of 3rd period - Icing by Robyn Regehr.
8:22 of 3rd period - Nate Thompson wins face-off versus Henrik Sedin in Kings zone.
9:11 of 3rd period - Shot by Joe Thornton.
9:11 of 3rd period - Shot Blocked by Andrej Sekera.
10:58 of 3rd period - Shot by Travis Zajac.
10:58 of 3rd period - Shot Misses the Net.
11:24 of 3rd period - Shot by Mikael Granlund.
11:24 of 3rd period - Shot Misses the Net.
11:26 of 3rd period - Shot by Robyn Regehr.
11:26 of 3rd period - Stopped by Jaroslav Halak without a rebound.
11:27 of 3rd period - Nick Spaling wins face-off versus Chris Kunitz in Lightning zone.
11:27 of 3rd period - Nick Spaling is hit by Chris Kunitz.
11:50 of 3rd period - Shot by Chris Kunitz.
11:50 of 3rd period - Shot Misses the Net.
12:34 of 3rd period - Off-side.
12:35 of 3rd period - Henrik Sedin wins face-off versus Mikael Granlund in neutral zone.
12:47 of 3rd period - Minor Penalty to Connor Murphy for Roughing.
12:48 of 3rd period - Ryan Nugent-Hopkins wins face-off versus Henrik Sedin in Kings zone.
13:11 of 3rd period - Shot by Andrej Sekera.
13:11 of 3rd period - Shot Blocked by Alexander Edler.
13:13 of 3rd period - Shot by Andrej Sekera.
13:13 of 3rd period - Stopped by Steve Mason without a rebound.
13:14 of 3rd period - Travis Zajac wins face-off versus Ryan Nugent-Hopkins in Kings zone.
13:42 of 3rd period - Icing by Travis Zajac.
13:43 of 3rd period - Travis Zajac wins face-off versus Ryan Nugent-Hopkins in Lightning zone.
13:56 of 3rd period - Shot by Travis Zajac.
13:56 of 3rd period - Deflect By Troy Brouwer.
13:56 of 3rd period - Shot Blocked by Alexander Edler.
13:58 of 3rd period - Shot by Andrej Meszaros.
13:58 of 3rd period - Stopped by Steve Mason without a rebound.
13:59 of 3rd period - Henrik Sedin wins face-off versus Nate Thompson in Kings zone.
14:00 of 3rd period - Shot by Andrej Sekera.
14:00 of 3rd period - Shot Misses the Net.
14:10 of 3rd period - Shot by Andrej Sekera.
14:10 of 3rd period - Shot Blocked by Ryan Nugent-Hopkins.
14:12 of 3rd period - Shot by Andrej Sekera.
14:12 of 3rd period - Stopped by Steve Mason without a rebound.
14:13 of 3rd period - Henrik Sedin wins face-off versus Ryan Nugent-Hopkins in Kings zone.
14:34 of 3rd period - Shot by Henrik Sedin.
14:34 of 3rd period - Shot Blocked by Dennis Seidenberg.
14:58 of 3rd period - Shot by Mikael Granlund.
14:58 of 3rd period - Shot Misses the Net.
15:09 of 3rd period - Minor Penalty to Jason Chimera for Tripping.
15:10 of 3rd period - Travis Zajac wins face-off versus Joe Thornton in Lightning zone.
16:15 of 3rd period - Shot by Kris Letang.
16:15 of 3rd period - Shot Misses the Net.
16:27 of 3rd period - Tyler Myers is hit by Maxime Talbot and loses puck.
16:54 of 3rd period - Shot by Chris Kunitz.
16:54 of 3rd period - Stopped by Jaroslav Halak without a rebound.
16:55 of 3rd period - Travis Zajac wins face-off versus Joe Thornton in Lightning zone.
17:32 of 3rd period - Shot by Ryan Smyth.
17:32 of 3rd period - Stopped by Jaroslav Halak without a rebound.
17:33 of 3rd period - J.T. Brown wins face-off versus Nick Spaling in Lightning zone.
17:33 of 3rd period - J.T. Brown is hit by Erik Gudbranson.
17:39 of 3rd period - Shot by J.T. Brown.
17:39 of 3rd period - Stopped by Jaroslav Halak without a rebound.
17:40 of 3rd period - Ryan Nugent-Hopkins wins face-off versus Henrik Sedin in Lightning zone.
17:40 of 3rd period - Minor Penalty to Erik Gudbranson for Hooking.
17:41 of 3rd period - Chris Kunitz wins face-off versus Travis Zajac in Lightning zone.
17:42 of 3rd period - Shot by Joe Thornton.
17:42 of 3rd period - Shot Misses the Net.
17:48 of 3rd period - Shot by Kris Letang.
17:48 of 3rd period - Stopped by Jaroslav Halak without a rebound.
17:49 of 3rd period - Travis Zajac wins face-off versus Joe Thornton in Lightning zone.
18:16 of 3rd period - Shot by James van Riemsdyk.
18:16 of 3rd period - Goal by James van Riemsdyk - Lightning : 4 - Kings : 4.
18:17 of 3rd period - Henrik Sedin wins face-off versus Ryan Nugent-Hopkins in neutral zone.
18:25 of 3rd period - Minor Penalty to Henrik Sedin for Hooking.
18:26 of 3rd period - Joe Thornton wins face-off versus Travis Zajac in Lightning zone.
18:37 of 3rd period - Shot by Kris Letang.
18:37 of 3rd period - Shot Blocked by Andrej Sekera.
18:39 of 3rd period - Shot by Kris Letang.
18:39 of 3rd period - Stopped by Jaroslav Halak with a rebound.
18:41 of 3rd period - Shot by Tyler Myers.
18:41 of 3rd period - Shot Misses the Net.
18:43 of 3rd period - Shot by Tyler Myers.
18:43 of 3rd period - Stopped by Jaroslav Halak with a rebound.
19:42 of 3rd period - Shot by Mikael Granlund.
19:42 of 3rd period - Stopped by Jaroslav Halak without a rebound.
19:43 of 3rd period - James van Riemsdyk wins face-off versus Nick Spaling in Lightning zone.
19:44 of 3rd period - Shot by Connor Murphy.
19:44 of 3rd period - Shot Misses the Net.
Goals for this period are 1 for Lightning vs 3 for Kings.
Shots for this period are 4 for Lightning vs 17 for Kings.

Overtime #1


0:01 of 1st overtime period - Travis Zajac wins face-off versus Joe Thornton in neutral zone.
0:12 of 1st overtime period - Shot by Joe Thornton.
0:12 of 1st overtime period - Deflect By Brian Gionta.
0:12 of 1st overtime period - Shot Misses the Net.
0:20 of 1st overtime period - Shot by Brian Gionta.
0:20 of 1st overtime period - Shot Misses the Net.
0:32 of 1st overtime period - Shot by Joe Thornton.
0:32 of 1st overtime period - Shot Blocked by Brent Seabrook.
0:34 of 1st overtime period - Shot by Alexander Edler.
0:34 of 1st overtime period - Shot Misses the Net.
0:36 of 1st overtime period - Shot by Joe Thornton.
0:36 of 1st overtime period - Deflect By Brian Gionta.
0:36 of 1st overtime period - Shot Misses the Net.
0:53 of 1st overtime period - Icing by Brent Seabrook.
0:54 of 1st overtime period - Patrick Kane wins face-off versus Joe Thornton in Lightning zone.
1:16 of 1st overtime period - Shot by Tyler Myers.
1:16 of 1st overtime period - Shot Misses the Net.
1:29 of 1st overtime period - Icing by Andrej Sekera.
1:30 of 1st overtime period - Mikael Granlund wins face-off versus Patrick Kane in Lightning zone.
2:40 of 1st overtime period - Shot by Kris Letang.
2:40 of 1st overtime period - Shot Misses the Net.
3:17 of 1st overtime period - Icing by Andrej Sekera.
3:18 of 1st overtime period - Patrick Kane wins face-off versus Mikael Granlund in Lightning zone.
3:56 of 1st overtime period - Shot by Teddy Purcell.
3:56 of 1st overtime period - Stopped by Steve Mason with a rebound.
4:05 of 1st overtime period - Off-side.
4:06 of 1st overtime period - Colton Sceviour wins face-off versus Patrick Kane in neutral zone.
Goals for this period are 0 for Lightning vs 0 for Kings.
Shots for this period are 1 for Lightning vs 0 for Kings.

ShootOut


5:00 of 1st overtime period - Penalty Shot by Henrik Sedin for Lightning.
5:00 of 1st overtime period - Goal by Henrik Sedin.
5:00 of 1st overtime period - Penalty Shot by James van Riemsdyk for Kings.
5:00 of 1st overtime period - Shot Misses the Net.
5:00 of 1st overtime period - Penalty Shot by Cam Atkinson for Lightning.
5:00 of 1st overtime period - Stopped by Steve Mason.
5:00 of 1st overtime period - Penalty Shot by Mikael Granlund for Kings.
5:00 of 1st overtime period - Stopped by Jaroslav Halak.
5:00 of 1st overtime period - Penalty Shot by Travis Zajac for Lightning.
5:00 of 1st overtime period - Stopped by Steve Mason.
5:00 of 1st overtime period - Penalty Shot by Colton Sceviour for Kings.
5:00 of 1st overtime period - Stopped by Jaroslav Halak.


Output by the SimonT Hockey Simulator (STHS) for Stephane Roy -- Original Page W3C XHTML 1.0 Valid
Hockey Simulator - Hockey Simulation - Hockey Manager